 Dungeon Crawl Stone Soup version 0.32-a0-814-g0968bab981 (webtiles) character file.

Game seed: 14322660677655136908

758 Kenran the Grappler (level 7, -10/50 HPs)
             Began as a Minotaur Ice Elementalist on Mar 22, 2024.
             Killed from afar by a steam dragon (20 damage)
             ... with a ball of steam
             ... on level 6 of the Dungeon.
             The game lasted 00:08:25 (3982 turns).

Kenran the Grappler (Minotaur Ice Elementalist)     Turns: 3982, Time: 00:08:26

Health: -10/50     AC:  9    Str: 11 (14) XL:     7   Next: 50%
Magic:  8/8        EV: -1    Int: 11 (12) God:
Gold:   305        SH:  6    Dex: 11      Spells: 7/8 levels left

rFire   . .          .
                       - Unarmed
rCold   . . .        o - +0 kite shield
rNeg    . . .        w - +2 plate armour {Will+}
rPois   .            (helmet restricted)
rElec   .            j - +0 cloak
rCorr   .            (no gloves)
SInv    .            (no boots)
Will    +....        (no amulet) Stlth
                     (no ring)
HPRegen 0.28/turn    (no ring)
MPRegen 0.11/turn

%: no passive effects
@: corroded, hasted, very quick
A: horns 2, retaliatory headbutt
a: no special abilities


You were on level 6 of the Dungeon.
You visited 1 branch of the dungeon, and saw 6 of its levels.

You collected 363 gold pieces.
You spent 58 gold pieces at shops.

Inventory:

Armour
 j - a +0 cloak (worn)
 o - a +0 kite shield (worn)
 w - a +2 plate armour of willpower (worn)
Jewellery
 m - a ring of ice
 t - a ring of wizardry
Wands
 d - a wand of flame (13)
 p - a wand of charming (12)
Scrolls
 c - 2 scrolls of enchant armour
 e - 2 scrolls of silence
 f - 2 scrolls of teleportation
 i - 3 scrolls of butterflies
 k - 2 scrolls of enchant weapon {unknown}
 l - a scroll of vulnerability {unknown}
 n - a scroll of acquirement {unknown}
 r - a scroll of amnesia {unknown}
 s - 3 scrolls of fog {unknown}
 v - a scroll of noise {unknown}
Potions
 a - a potion of brilliance
 b - 2 potions of magic
 g - a potion of degeneration {!q}
 h - a potion of cancellation {unknown}
 u - a potion of berserk rage {unknown}


   Skills:
 - Level 2.1 Dodging
 - Level 1.5 Stealth
 + Level 9.1 Unarmed Combat
 - Level 1.3 Spellcasting
 - Level 2.9 Ice Magic


You had 7 spell levels left.
You knew the following spells:

 Your Spells              Type           Power      Damage    Failure   Level
a - Freeze                Ice            28%        1d5       100%        1

Your spell library contained the following spells:

 Spells                   Type           Power      Damage    Failure   Level
 Frozen Ramparts          Ice            14%        1d3       100%        3
 Ozocubu's Armour         Ice            7%         N/A       100%        3
 Summon Ice Beast         Ice/Summ       4%         N/A       100%        3


Dungeon Overview and Level Annotations

Branches:
Dungeon (6/15)
 Temple: D:4-7

Altars:
Gozag
Nemelex Xobeh
The Shining One

Shops:
D:6 *

Annotations:
D:4 1 transporter, paps's ghost, amateur DsGl
D:5 Eustachio


Innate Abilities, Weirdness & Mutations

You have a pair of horns on your head.
You reflexively headbutt those who attack you in melee.


Message History

The jelly hits you but does no damage.
You hit the jelly.
Your hands burn!
You headbutt the jelly.
The jelly is severely wounded.
The jelly hits you but does no damage.
You hit the jelly.
Your hands burn!
You headbutt the jelly.
The jelly is almost dead.
The jelly hits you. The acid corrodes you!
You are splashed with acid!
You punch the jelly!
You kill the jelly!
You feel your dexterity returning.
Your Unarmed Combat skill increases to level 9!
You hit the steam dragon.
You headbutt the steam dragon, but do no damage.
The steam dragon is lightly wounded.
The steam dragon bites you but does no damage.
The steam dragon claws you but does no damage.
You hit the steam dragon but do no damage.
The steam dragon is lightly wounded.
The steam dragon bites you. You block the steam dragon's attack.
You hit the steam dragon.
The steam dragon is moderately wounded.
The steam dragon breathes steam at you. The ball of steam hits you.
* * * LOW HITPOINT WARNING * * *
You hear a shout!
You hear a bark!
A kobold brigand comes into view.
It is wielding a +0 short sword and quivering poisoned darts.
The kobold brigand shouts!
The steam dragon bites you.
* * * LOW HITPOINT WARNING * * *
You block the steam dragon's attack.
You barely miss the steam dragon.
The steam dragon is moderately wounded.
You block the steam dragon's attack.
The steam dragon claws you but does no damage.
You feel yourself speed up. The steam dragon bites you.
* * * LOW HITPOINT WARNING * * *
You block the steam dragon's attack. The steam dragon breathes steam at you.
The ball of steam hits you!!
You die...

##..........## .......###
#...........# .........#
##..........# .........#
###.##.....# ........# #.K#.....#
#### .......# ##.......# ...#
#....# ##......# ...#
######....#########......#
...####.........@ยงยง...DK......###
..)........###'##########........
##.............# #........
###............# #.......[
..#............# #........
<.#............# #........
..#............# #........
#######'###....# #........ # #)#
#....##############...#


There were no monsters in sight!

Vanquished Creatures
  Grinder (D:3)
  An ice beast (D:6)
  3 bombardier beetles
  A crimson imp (D:3)
  2 jellies (D:6)
  An orc priest (D:6)
  2 iguanas
  3 gnolls (D:1)
  3 adders
  2 dart slugs (D:3)
  3 ribbon worms
  7 orcs
  7 ball pythons
  7 bats
  10 endoplasms
  2 giant cockroaches (D:3)
  8 goblins
  7 hobgoblins
  4 jackals (D:2)
  11 kobolds
  5 quokkas
  6 frilled lizards
  A goblin skeleton (D:3)
  3 goblin zombies (D:3)
  3 hobgoblin zombies (D:3)
  2 kobold skeletons (D:3)
  4 kobold zombies (D:3)
  2 orc zombies (D:3)
  8 rats
119 creatures vanquished.

Notes
Turn   | Place    | Note
-------+----------+-------------------------------------------
     0 | D:1      | Kenran the Minotaur Ice Elementalist began the quest for
                  | the Orb.
     0 | D:1      | Reached XP level 1. HP: 14/14 MP: 1/1
   150 | D:1      | Reached skill level 1 in Unarmed Combat
   266 | D:1      | Reached XP level 2. HP: 20/20 MP: 0/3
   316 | D:1      | Reached skill level 2 in Unarmed Combat
   652 | D:1      | Reached skill level 3 in Unarmed Combat
   661 | D:1      | Reached XP level 3. HP: 26/26 MP: 4/4
  1211 | D:2      | Reached skill level 4 in Unarmed Combat
  1272 | D:1      | Reached XP level 4. HP: 17/33 MP: 5/5
  1674 | D:3      | Noticed Grinder
  1689 | D:3      | Killed Grinder
  1690 | D:3      | Reached skill level 6 in Unarmed Combat
  1690 | D:3      | Reached XP level 5. HP: 22/38 MP: 6/6
  1690 | D:3      | Reached XP level 6. HP: 26/45 MP: 7/7
  1764 | D:3      | Found a glowing golden altar of the Shining One.
  1783 | D:3      | Reached skill level 7 in Unarmed Combat
  2103 | D:3      | Found a sparkling altar of Nemelex Xobeh.
  2924 | D:4      | Found an opulent altar of Gozag.
  2925 | D:4      | Noticed paps's ghost (amateur DsGl)
  2925 | D:4      | Identified the +5 great mace of the Skies Above {antimagic,
                  | SInv}
  2927 | D:4      | Found a transporter.
  2985 | D:5      | Entered Level 5 of the Dungeon
  3215 | D:5      | Noticed Eustachio
  3298 | D:6      | Noticed an ice beast
  3336 | D:6      | Killed an ice beast
  3337 | D:6      | Reached skill level 8 in Unarmed Combat
  3337 | D:6      | Reached XP level 7. HP: 27/50 MP: 8/8
  3422 | D:6      | Noticed a steam dragon
  3884 | D:6      | Found Jogiodgh's Assorted Antiques.
  3894 | D:6      | Bought a fizzy orange potion for 18 gold pieces
  3894 | D:6      | Bought a scroll of identify for 40 gold pieces
  3965 | D:6      | Reached skill level 9 in Unarmed Combat
  3982 | D:6      | Killed from afar by a steam dragon

Illustrated notes

Levels and vault maps discovered:
D:1:      amcnicky_arrival_single_pillar, layout_basic, minmay_pentomino_v2
D:2:      layout_rooms
D:3:      layout_loops_cross, nicolae_tso_besieged_by_evil,
          nemelex_dance_club_becter, kennysheep_generic_room_5, uniq_grinder
D:4:      layout_loops_cross, mainiacjoe_overflow_cross_hatched,
          gammafunk_ghost_smash, kennysheep_crisscross, nrook_mini_vaults
D:5:      layout_layer_cave, temple_green, uniq_eustachio
D:6:      layout_basic, serial_shops, shop, nicolae_elevator_lobby_asterisk

Skill      XL: |  1  2  3  4  5  6  7 |
---------------+----------------------+-----
Unarmed Combat | 1 3 4 6 8 9 |  9.1
Dodging        | |  2.1
Stealth        | |  1.5
Spellcasting   | |  1.3
Ice Magic      | |  2.9

Action                     |  1- 3 |  4- 6 |  7- 9 || total
---------------------------+-------+-------+-------++-------
  Melee: Unarmed           |   132 |   168 |    47 ||   347
         Headbutt          |    21 |    30 |     8 ||    59
         Punch             |     1 |     1 |       ||     2
   Cast: Freeze            |     6 |       |       ||     6
  Evoke: Wand              |       |     1 |       ||     1
    Use: Potion            |       |     7 |     1 ||     8
         Scroll            |       |     3 |     1 ||     4
 Armour: Ring mail         |    28 |       |       ||    28
         Robe              |     6 |       |       ||     6
         Plate armour      |   106 |   127 |    50 ||   283
  Dodge: Dodged            |    37 |    17 |       ||    54
  Block: Kite shield       |       |    19 |    27 ||    46

Table legend: (Time is in decaauts)
 A = Elapsed time spent in this place.
 B = Non-inter-level travel time spent in this place.
 C = Inter-level travel time spent in this place.
 D = Time resting spent in this place.
 E = Time spent auto-exploring this place.
 F = Levels seen in this place.
 G = Mean time per level.
                   A        B        C        D        E       F      G
               +--------+--------+--------+--------+--------+-----+--------+
         Total |   3958 |   3855 |    103 |    603 |   1928 |   6 |  659.7 |
       Dungeon |   3958 |   3855 |    103 |    603 |   1928 |   6 |  659.7 |
               +--------+--------+--------+--------+--------+-----+--------+

Top non-repeatable levels by time:
     D:1: 1108 daAuts
     D:4: 793 daAuts
     D:6: 728 daAuts
     D:3: 705 daAuts
     D:2: 487 daAuts
     D:5: 135 daAuts
